[Event "*** Titled Tuesday Blitz"]
[Site "Chess.com"]
[Date "2021.03.09"]
[Round "10"]
[White "Margency"]
[Black "Aradhya2000"]
[Result "1-0"]
[WhiteElo "2707"]
[BlackElo "2569"]
[TimeControl "180+1"]
[EndTime "12:00:12 PST"]
[Termination "Margency won by checkmate"]

1. e4 e5 2. Nf3 Nc6 3. Bc4 Nf6 4. d3 Bc5 5. O-O O-O 6. a4 d5 7. exd5 Nxd5 8. Re1 Nb6 9. Bb5 f6 10. a5 Nd5 11. a6 Nde7 12. axb7 Bxb7 13. Nbd2 Nd4 14.
Bc4+ Kh8 15. Nxd4 Qxd4 16. Qe2 Bb6 17. Nb3 Qd7 18. Be3 Nf5 19. Qg4 Rfd8 20. Bc5 Qc6 21. Ba3 Nd4 22. Nxd4 Rxd4 23. Qg3 Qd7 24. h3 Qf5 25. Bb4 Rad8 26. Ba5 Qd7 27. Bxb6 axb6 28. Ra7 Qc6 29. Bb3 Ra8 30. Rxa8+ Bxa8 31. Ra1 g6 32. f3 Kg7 33. Kh2 Bb7 34. Ra7 Rd8 35. Qe1 Ra8 36. Rxa8 Bxa8 37. Qb4 Qd6 38. Qc4 Qe7 39.
Qg8+ Kh6 40. Qxa8 f5 41. Qd5 f4 42. Qe4 Qh4 43. Kg1 Qf6 44. c3 Qd6 45. d4 exd4 46. Qxd4 Qf8 47. Bc2 Qf7 48. Be4 c5 49. Qd6 b5 50.
Qxc5 Qb3 51. Qf8+ Kg5 52. h4+ Kxh4 53. Qh6+ Kg3 54. Qh2# 1-0

[Event "*** Titled Tuesday Blitz"]
[Site "Chess.com"]
[Date "2021.03.09"]
[Round "10"]
[White "Diamantidis_13"]
[Black "Magila31"]
[Result "1-0"]
[WhiteElo "2374"]
[BlackElo "2228"]
[TimeControl "180+1"]
[EndTime "12:00:12 PST"]
[Termination "Diamantidis_13 won by checkmate"]

1. d4 Nf6 2. Nc3 g6 3. e4 d6 4. Bd3 Bg7 5. Be3 Ng4 6. Nf3 Nxe3 7. fxe3 O-O 8. O-O c5 9. Ne2 Qb6 10. Rb1 cxd4 11. exd4 Nc6 12. c3 e5 13. Qb3 Qxb3 14.
axb3 exd4 15. Nexd4 Ne5 16. Nxe5 Bxe5 17. Bc4 Bxd4+ 18.
cxd4 Be6 19. Bxe6 fxe6 20. Rbc1 Rfc8 21. Kf2 Kf7 22. Ke3+ Ke7 23. h4 Rxc1 24. Rxc1 Kd7 25. Kf4 Rf8+ 26. Kg5 Rf2 27. g4 Rg2 28. e5 d5 29. Rf1 Ke7 30. Rc1 Kd7 31. Rh1 Ke7 32. h5 gxh5 33. Rxh5 Kd7 34. Rxh7+ Kc6 35. Rh4 Rxb2 36.
Kf6 Rxb3 37. g5 a5 38. Kxe6 Rg3 39. Kf6 a4 40. e6 a3 41. Rh2 b5 42. Re2 Rh3 43. e7 Rh8 44. g6 b4 45. g7 Re8 46.
Kf7 Kd7 47. g8=Q Rxg8 48. Kxg8 Ke8 49. Kg7 b3 50. Kf6 a2 51. Rh2 a1=Q 52. Rh8+ Kd7 53. e8=Q+ Kc7 54. Qc8+ Kb6 55. Qc5+ Kb7 56. Rh7+ Kb8 57.
Qc7+ Ka8 58. Rh8# 1-0

[Event "*** Titled Tuesday Blitz"]
[Site "Chess.com"]
[Date "2021.03.09"]
[Round "10"]
[White "AntonovaNadezhda"]
[Black "yonaltimur"]
[Result "1-0"]
[WhiteElo "2131"]
[BlackElo "1811"]
[TimeControl "180+1"]
[EndTime "12:00:12 PST"]
[Termination "AntonovaNadezhda won on time"]

1. d4 d5 2. Nf3 Nf6 3. e3 e6 4.
Nbd2 c5 5. b3 cxd4 6. exd4 Bd6 7. Bb2 Nc6 8. Bd3 O-O 9. a3 h6 10. O-O Re8 11. Ne5 Nd7 12. f4 f5 13. Nxd7 Bxd7 14. Qe2 Qf6 15. Qf2 Bf8 16. Rae1 Rac8 17. Nf3 a6 18. c4 Qf7 19. c5 Rb8 20. b4 b5 21. Bc3 Be7 22. Re2 Bf8 23. Ne5 Nxe5 24.
fxe5 g5 25. g4 f4 26. Qf3 Bc6 27. Rg2 Re7 28. h4 Rbb7 29. Bc2 Qe8 30. Kf2 Rg7 31. hxg5 hxg5 32. Rh1 Kf7 33. Rgh2 Ke7 34. Rh8 Kd8 35. Qd3 Rbf7 36. Kf3 Kc7 37. Qd2 Qe7 38. Bd3 Kb7 39.
Bc2 Kc7 40. Qd1 Kb7 41. a4 Kc7 42. axb5 axb5 43. Bd3 Kb7 44. Qa1 Qd7 45. R8h2 1-0

[Event "*** Titled Tuesday Blitz"]
[Site "Chess.com"]
[Date "2021.03.09"]
[Round "10"]
[White "Hikaru"]
[Black "Eltaj_Safarli"]
[Result "0-1"]
[WhiteElo "3154"]
[BlackElo "2928"]
[TimeControl "180+1"]
[EndTime "12:00:16 PST"]
[Termination "Eltaj_Safarli won by resignation"]

1. e4 c5 2. Nf3 Nc6 3. c3 Nf6 4. e5 Nd5 5. Bc4 Nb6 6. Bb3 d5 7. exd6 Qxd6 8. O-O Bf5 9. d4 e6 10. Na3 a6 11. Be3 cxd4 12. Nxd4 Nxd4 13. Bxd4 Be7 14. Qf3 Qc7 15. Qg3 Qxg3 16. hxg3 Nd7 17. Bxg7 Rg8 18. Bd4 h5 19. Nc4 O-O-O 20. Rfd1 Be4 21. Ne5 Nxe5 22.
Bxe5 h4 23. f3 Bc6 24. Kh2 hxg3+ 25. Bxg3 Rh8+ 26. Kg1 Rdg8 27. Kf2 Bc5+ 28. Rd4 Rg5 29. Bf4 Rf5 30. Be3 Bxd4 31. cxd4 Bd5 32. Rc1+ Kd7 33. Bc2 Rfh5 34. Be4 Rh1 35. Rc5 Rc8 36. Bxd5 Rxc5 37. Bxe6+ Kxe6 38. dxc5 Rb1 39. Bd4 Rc1 40. g4 Kd5 41.
Ke3 Re1+ 42. Kd2 Ra1 43. Ke3 Rxa2 44. g5 Ra1 45. f4 Re1+ 46. Kf2 Rb1 47. Bc3 Ke4 48.
Be5 Rc1 49. Ke2 Rxc5 50. Kd2 Rxe5 51. fxe5 Kxe5 52. Kc3 Kf5 53. Kb4 b6 54. Kc4 Kxg5 55.
Kd5 f5 56. Kc6 f4 57. Kxb6 f3 58. Kxa6 f2 59. b4 f1=Q+ 60. b5 Kf6 61. Ka7 Qxb5 0-1

[Event "*** Titled Tuesday Blitz"]
[Site "Chess.com"]
[Date "2021.03.09"]
[Round "10"]
[White "PrinceMurad09"]
[Black "moro182"]
[Result "0-1"]
[WhiteElo "2575"]
[BlackElo "2714"]
[TimeControl "180+1"]
[EndTime "12:00:16 PST"]
[Termination "moro182 won by checkmate"]

1. e4 g6 2. d4 Bg7 3. Nc3 d6 4. g3 Nf6 5. Bg2 O-O 6. Nge2 e5 7. O-O Nc6 8. dxe5 Nxe5 9. h3 Re8 10. f4 Nc6 11. Re1 Be6 12. Be3 Qd7 13. Kh2 Rad8 14. Qd2 h5 15. Rad1 h4 16. g4 Bxg4 17. hxg4 Nxg4+ 18.
Kg1 Nxe3 19. Qxe3 Qg4 20. Qh3 Qh5 21. Qf3 Qa5 22. Rd5 Qb6+ 23. Qf2 Qxb2 24. Nd1 Qxc2 25. Ne3 Qxa2 26. Qxh4 Ne7 27. Rdd1 Qa5 28. Kf2 Qh5 29. Qg3 a5 30. Rh1 Qc5 31. f5 a4 32. Qh4 Nxf5 33. Qh3 Qxe3+ 34. Qxe3 Nxe3 35. Kxe3 a3 36. Nd4 a2 37. Kd3 Ra8 38. Nb5 a1=Q 39. Rxa1 Rxa1 40. Rxa1 Bxa1 41. Nxc7 Rc8 42. Nd5 Kg7 43. Bh3 Ra8 44.
Bd7 Ra3+ 45. Kc4 Be5 46. Bc8 Ra4+ 47. Kd3 b5 48. Bd7 Ra3+ 49. Kc2 Ra4 50. Kd3 Rd4+ 51. Ke3 b4 52. Ba4 f5 53. Nc7 Rxe4+ 54. Kf3 Kf6 55.
Nd5+ Kg5 56. Bb3 Rd4 57. Ke2 f4 58. Nb6 Kg4 59. Be6+ Kg3 60. Bd5 b3 61. Bxb3 Rb4 62.
Nd5 Rxb3 63. Nf6 f3+ 64. Kd1 f2 65. Ne4+ Kg2 66. Nd2 Rd3 67. Kc2 Rxd2+ 68. Kb3 f1=Q 69. Ka3 Qd3+ 70. Ka4 Qc4+ 71. Ka3 Ra2# 0-1

[Event "*** Titled Tuesday Blitz"]
[Site "Chess.com"]
[Date "2021.03.09"]
[Round "10"]
[White "GMBenjaminFinegold"]
[Black "Beca95"]
[Result "0-1"]
[WhiteElo "2619"]
[BlackElo "2865"]
[TimeControl "180+1"]
[EndTime "12:00:16 PST"]
[Termination "Beca95 won on time"]

1. d4 Nf6 2. c4 c5 3. d5 e6 4.
Nf3 d6 5. Nc3 exd5 6. cxd5 g6 7.
h3 Bg7 8. e4 O-O 9. Bd3 Re8 10.
O-O Nbd7 11. Re1 Ne5 12. Nxe5 Rxe5 13. Bf4 Nh5 14. Bh2 Qh4 15. Re3 Rg5 16. Kf1 Be5 17. Bxe5 Rxe5 18. Be2 Nf4 19. Bg4 h5 20. g3 Bxg4 21.
gxh4 Bxd1 22. Rxd1 c4 23. Rd4 f5 24. exf5 Rxf5 25.
Rxc4 Raf8 26. Rc7 R8f7 27. Rxf7 Kxf7 28. Ne4 Kg7 29. Rf3 Nxd5 30. Rxf5 gxf5 31. Nxd6 Kf6 32. Nxb7 Ke5 33. Na5 a6 34. Ke2 Ke4 35. f3+ Kf4 36. Nc6 Kg3 37. Nd4 f4 38. a3 Kxh3 39. Kf2 Kxh4 40. b4 Ne3 41. Ne6 Nc2 42. Nxf4 Nxa3 43. Ke3 Kg5 44. Nh3+ Kf5 45. Kd3 Nb5 46. Kc4 Ke5 47.
Kc5 Nc3 48. Kb6 Na2 49. Ka5 Kf5 50. Ka4 Ke5 51. Kb3 Nc1+ 52. Ka4 Ne2 53. Ka5 Nf4 54. Nf2 Nd5 55. Nh3 Kd4 56. Kxa6 Nxb4+ 57. Kb6 Nd3 58. Kc6 Ke5 59. Kb5 Nf4 0-1

[Event "*** Titled Tuesday Blitz"]
[Site "Chess.com"]
[Date "2021.03.09"]
[Round "10"]
[White "GoltsevDmitry2000"]
[Black "profofchess"]
[Result "1/2-1/2"]
[WhiteElo "2685"]
[BlackElo "2498"]
[TimeControl "180+1"]
[EndTime "12:00:16 PST"]
[Termination "Game drawn by repetition"]

1. e4 e6 2. Nf3 d5 3. exd5 exd5 4. d4 Nf6 5. Bd3 c5 6. dxc5 Bxc5 7. O-O O-O 8. Bg5 h6 9. Bh4 Nc6 10. Nc3 d4 11. Ne4 Be7 12. Nxf6+ Bxf6 13. Bg3 Bg4 14. h3 Bh5 15. Re1 Qd5 16. Be4 Qb5 17. Qd3 Qxd3 18. cxd3 Bg6 19. a3 Bxe4 20. Rxe4 Rfe8 21. Rxe8+ Rxe8 22. Kf1 g5 23. Rc1 h5 24. Nd2 h4 25. Bh2 Be5 26.
Bxe5 Nxe5 27. Ne4 Nxd3 28. Nf6+ Kf8 29. Rd1 Nxb2 30. Rxd4 Rc8 31. Nh7+ Kg7 32. Nxg5 Kg6 33. Nf3 Rc3 34. Nxh4+ Kf6 35. Rb4 Nd3 36. Rxb7 Rxa3 37.
Nf3 a5 38. Nd2 a4 39. Ne4+ Kg6 40. h4 Nf4 41. Kg1 Ra1+ 42. Kh2 a3 43. g4 a2 44. Nc3 Rf1 45. Nxa2 Rxf2+ 46. Kg3 Rxa2 47. Kxf4 Ra4+ 48.
Kf3 Ra3+ 49. Ke2 Ra2+ 50. Ke3 Ra3+ 51. Kd2 Ra4 52. Rb6+ Kg7 53. h5 Rxg4 54. Ke3 Rh4 55. Rb5 Kh6 56. Kf3 Rxh5 57. Rb7 Kg7 58. Kg4 Ra5 59.
Rb6 f6 60. Kf4 Kg6 61. Rb8 Ra4+ 62. Kf3 Kg5 63. Rh8 Ra3+ 64. Ke4 f5+ 65. Ke5 Re3+ 66. Kd4 Re1 67. Rg8+ Kf4 68. Kd3 Re7 69. Rg1 Kf3 70.
Rf1+ Kg4 71. Rg1+ Kh5 72. Rh1+ Kg5 73. Rg1+ Kf6 74. Rf1 Re5 75. Kd4 Re4+ 76. Kd5 Re8 77. Kd4 Re4+ 78. Kd3 Ke5 79. Ra1 Rh4 80. Ra5+ Kf6 81.
Ke3 Rh3+ 82. Kf4 Rh4+ 83. Kg3 Rb4 84. Kf3 Kg5 85. Ra8 Rb3+ 86. Kf2 Kg4 87. Rg8+ Kf4 88.
Ra8 Rb2+ 89. Kf1 Kg3 90. Ra3+ Kg4 91. Rc3 f4 92. Kg1 f3 93. Rc8 Kg3 94. Rg8+ Kf4 95.
Kf1 Rb1+ 96. Kf2 Rb2+ 97. Kf1 Rb1+ 98. Kf2 Rb2+ 99. Kf1 1/2-1/2

[Event "*** Titled Tuesday Blitz"]
[Site "Chess.com"]
[Date "2021.03.09"]
[Round "10"]
[White "Konavets"]
[Black "Firouzja2003"]
[Result "0-1"]
[WhiteElo "2929"]
[BlackElo "3147"]
[TimeControl "180+1"]
[EndTime "12:00:17 PST"]
[Termination "Firouzja2003 won by resignation"]

1. e4 c5 2. Nf3 d6 3. d4 cxd4 4.
Nxd4 Nf6 5. Nc3 a6 6. Bc4 e6 7. Bb3 Nbd7 8. g4 Nc5 9. Qe2 h6 10. Rg1 b5 11. f3 Bd7 12. a3 g6 13. f4 Qb6 14. Be3 Qb7 15. e5 dxe5 16. fxe5 Nfe4 17.
Nxe4 Qxe4 18. O-O-O Rc8 19. Kb1 Bg7 20. Qf2 Qxe5 21.
Bf4 Qf6 22. Qe3 Nxb3 23. cxb3 e5 24. Rde1 O-O 25. Bxe5 Qxe5 26. Qxe5 Bxe5 27. Rxe5 Rfe8 28. Rd5 Rc7 29. Rd6 Re4 30. h3 Re3 31. h4 Re4 32. h5 g5 33. Nf5 Be6 34. Nxh6+ Kh7 35. Nf5 Rxg4 36. Rf1 Re4 37. Nd4 g4 38. Nxe6 fxe6 39. Rf6 g3 40. Rg6 Rg7 41. Rd3 Rg4 42. Rxe6 g2 43.
Rd1 g1=Q 44. Rxg1 Rxg1+ 45. Ka2 Ra7 46. Re5 Rh1 47. b4 Kh6 48. Re6+ Kxh5 49. Re8 Rf1 50. Re5+ Kg6 51. Rc5 Rf5 52. Rc6+ Kf7 53. Rb6 Rf6 54.
Rb8 Ke7 55. Kb3 Rd6 56. Ka2 Kd7 57. Rh8 Kc6 58. Rh5 Rad7 59. Rc5+ Kb6 60. Rh5 Re6 61. Rh8 Rd2 62. Rh4 Ree2 63. Rh7 0-1

[Event "*** Titled Tuesday Blitz"]
[Site "Chess.com"]
[Date "2021.03.09"]
[Round "10"]
[White "eCztery"]
[Black "elohunter1999"]
[Result "0-1"]
[WhiteElo "2460"]
[BlackElo "2635"]
[TimeControl "180+1"]
[EndTime "12:00:17 PST"]
[Termination "elohunter1999 won by resignation"]

1. e4 c5 2. Nf3 g6 3. h4 h5 4. d4 cxd4 5. Qxd4 Nf6 6. Nc3 Nc6 7. Qa4 d6 8. Bg5 Bg7 9. O-O-O Bd7 10. Bb5 a6 11. Bxc6 Bxc6 12. Qb4 Ng4 13. Nd5 f6 14. Be3 O-O 15. Bb6 Qd7 16. Nc7 Rac8 17. Qb3+ Kh7 18.
Ne6 Ba4 19. Nxf8+ Bxf8 20. Qf7+ Bg7 21. Nd4 Ne5 22. Qd5 e6 23. Qxe6 Qxe6 24. Nxe6 Bxc2 25. Rxd6 Ba4+ 26. Bc7 Bd7 27. f4 Bxe6 28. fxe5 Rxc7+ 29. Kb1 Re7 30. exf6 Bxf6 31. Rf1 Be5 32. Rb6 Bc4 33. Rd1 Be2 34. Rd2 Bg4 35. Rb3 b5 36. Rbd3 Rc7 37. Rc2 Rf7 38. a3 Be6 39. Rd1 Bb3 40. Rcd2 Bxd1 41.
Rxd1 Rf2 42. Rd5 Rxb2+ 43. Kc1 Bg7 44. Rd6 Rxg2 45. Rxa6 Re2 46. Rb6 Rxe4 47. Rxb5 Rxh4 48. a4 Rxa4 49. Rb8 Rg4 50. Kd2 h4 51. Ke3 h3 52.
Rb1 h2 53. Kf3 Rg1 54. Rb3 h1=Q+ 55. Kf4 Qh4+ 56. Kf3 Rg3+ 57. Ke2 Qh2+ 0-1

[Event "*** Titled Tuesday Blitz"]
[Site "Chess.com"]
[Date "2021.03.09"]
[Round "10"]
[White "NikolaN98"]
[Black "Chessmasterzt"]
[Result "1-0"]
[WhiteElo "2547"]
[BlackElo "2626"]
[TimeControl "180+1"]
[EndTime "12:00:20 PST"]
[Termination "NikolaN98 won by checkmate"]

1. e4 c5 2. Nc3 Nc6 3. f4 g6 4. Nf3 Bg7 5. Bb5 Nd4 6. O-O Nxb5 7. Nxb5 Nf6 8. d3 O-O 9. Qe1 d6 10. Qh4 a6 11. Nc3 b5 12. f5 b4 13. Ne2 e6 14.
Bg5 exf5 15. Ng3 h6 16. Bxh6 Ng4 17. Bg5 f6 18. exf5 fxg5 19. Qxg4 gxf5 20. Qh5 Qf6 21. Nxg5 Qh6 22. Qf3 Ra7 23. Qd5+ Kh8 24. Nh3 Bxb2 25. Rae1 Bd4+ 26. Kh1 Bb7 27. Re6 Qxh3 28. Qxb7 Rxb7 29. gxh3 Rbf7 30. Rxd6 Be5 31. Rh6+ Kg7 32. Rxa6 f4 33. Ne4 f3 34. Nxc5 Rf6 35. Ne6+ Kh8 36. Nxf8 Rxa6 37. Rxf3 Bd4 38. Rf4 Bc3 39. Nd7 Rxa2 40. Rf2 Ra1+ 41.
Kg2 Re1 42. Nc5 Kg7 43. Ne4 Bd4 44. Rd2 Rg1+ 45. Kf3 Rf1+ 46. Kg4 Rg1+ 47. Kf5 Rf1+ 48. Ke6 Rf3 49. Kd5 Rxh3 50. Kxd4 Rxh2 51. Rxh2 b3 52.
Rg2+ Kf7 53. cxb3 Ke6 54. b4 Kf5 55. Rc2 Kf4 56. Nd6 Kf3 57. Nc8 Kg4 58. b5 Kf4 59. b6 Kg5 60. b7 Kf6 61. b8=Q Ke6 62. Qd6+ Kf7 63. Rf2+ Ke8 64. Rf8# 1-0

[Event "*** Titled Tuesday Blitz"]
[Site "Chess.com"]
[Date "2021.03.09"]
[Round "10"]
[White "Kretov_Evgenij"]
[Black "Shahaliyev"]
[Result "1/2-1/2"]
[WhiteElo "2562"]
[BlackElo "2646"]
[TimeControl "180+1"]
[EndTime "12:00:21 PST"]
[Termination "Game drawn by agreement"]

1. d4 Nf6 2. c4 e6 3. Nc3 Bb4 4. Bg5 c5 5. d5 h6 6. Bh4 g5 7. Bg3 Ne4 8. Qc2 f5 9. Be5 O-O 10. f3 d6 11. fxe4 dxe5 12. exf5 exd5 13. cxd5 Bxf5 14. e4 Bg6 15. Nf3 g4 16. Nxe5 Bh7 17. Nxg4 Qh4+ 18. Nf2 Bxe4 19. Qxe4 Qxf2+ 20. Kd1 Qd4+ 21. Bd3 Qxe4 22. Nxe4 Nd7 23. a3 Ba5 24. Kc2 c4 25. Bxc4 Rac8 26. Kb3 Rf4 27. Nd6 Nc5+ 28. Ka2 Rd8 29.
b4 Rf2+ 30. Kb1 Na4 31. Ne4 Rb2+ 32. Kc1 Bb6 33. d6+ Kg7 34. Bb5 Rc8+ 35. Kd1 Nc3+ 36. Nxc3 Rxc3 37. Re1 Rcc2 38. Re2 Rxe2 39. Bxe2 Kf6 40.
Bf3 Ke6 41. Bxb7 Kxd6 42. Rc1 Ra2 43. Rc6+ Ke5 44. Rxh6 Rxa3 45. Rh4 Ra2 46. Kc1 Kd6 47. Kb1 Rf2 48. Bf3 Ke5 49. Re4+ Kf5 50. h4 Kf6 51. h5 Bc7 52. h6 Rf1+ 53. Kc2 Rh1 54. Rc4 Bb6 55. Rc6+ Kg5 56. Kd3 Rxh6 57. Rxh6 Kxh6 58. Ke4 Kg5 59. Kd5 Bf2 60. Kc6 Be1 61. b5 1/2-1/2

[Event "*** Titled Tuesday Blitz"]
[Site "Chess.com"]
[Date "2021.03.09"]
[Round "10"]
[White "S-Fazulyanov"]
[Black "Kaslask"]
[Result "1-0"]
[WhiteElo "2499"]
[BlackElo "2344"]
[TimeControl "180+1"]
[EndTime "12:00:21 PST"]
[Termination "S-Fazulyanov won on time"]

1. e4 c5 2. Nf3 e6 3. d4 cxd4 4. Nxd4 Nf6 5. Nc3 d6 6. Be3 Nc6 7. Be2 Be7 8. O-O O-O 9. f4 e5 10. Nb3 exf4 11. Bxf4 Be6 12. Qe1 Nd7 13. Rd1 Bf6 14.
Bxd6 Re8 15. Bf3 Nce5 16. Be2 Qb6+ 17. Qf2 Qxf2+ 18. Rxf2 Ng4 19. Bxg4 Bxg4 20. Rdf1 Bxc3 21. bxc3 f6 22. Re1 Re6 23. Bf4 Rae8 24. h3 Bh5 25. Rd2 Nb6 26. Rd4 Rc6 27. Re3 Bg6 28. e5 Nc4 29. Re2 fxe5 30. Bxe5 Rxe5 31. Rd8+ Kf7 32.
Rf2+ Rf5 33. Rd7+ Kf8 34. Rxb7 Rxf2 35. Kxf2 a6 36. Nd4 Rf6+ 37. Ke2 Be4 38. Rc7 Bxg2 39. Kd3 Ne5+ 40. Ke3 Bxh3 41. Rc5 Nd7 42. Rh5 Bg4 43.
Rxh7 Rh6 44. Rxh6 gxh6 45. Kf4 Bd1 46. c4 Nc5 47. Ke5 Kg7 48. Kd6 Ne4+ 49. Kd5 Nf6+ 50. Ke6 Ne4 51. Ke5 Nc3 52. c5 Nb5 53. c6 Nxd4 54. Kxd4 Bg4 55. Ke5 h5 56. Kf4 Kg6 57. c4 Bc8 58. c5 Kf6 59. c7 Kg6 60. Ke5 h4 61. Kd6 h3 62. Ke7 h2 63. Kd8 Bf5 64. c6 h1=Q 65. c8=Q Bxc8 66. c7 1-0

[Event "*** Titled Tuesday Blitz"]
[Site "Chess.com"]
[Date "2021.03.09"]
[Round "10"]
[White "Fraler15"]
[Black "volkanyirik"]
[Result "0-1"]
[WhiteElo "2291"]
[BlackElo "2421"]
[TimeControl "180+1"]
[EndTime "12:00:21 PST"]
[Termination "volkanyirik won by resignation"]

1. e4 c5 2. Nf3 d6 3. d4 cxd4 4. Nxd4 Nf6 5. Nc3 e6 6. Bc4 Be7 7. O-O O-O 8. Be3 a6 9. f4 b5 10. Bd3 Bb7 11. a3 Nbd7 12. Nf3 Ng4 13. Bd2 Qb6+ 14. Kh1 Nf2+ 15. Rxf2 Qxf2 16. e5 Bxf3 17. gxf3 dxe5 18. Be1 Qb6 19. f5 Nf6 20. fxe6 Qxe6 21. Bg3 b4 22. Ne4 bxa3 23. bxa3 Nxe4 24. Bxe4 Rad8 25.
Qe2 f5 26. Bd3 Bf6 27. Bc4 Rd5 28. Re1 Rfd8 29. Bxd5 Rxd5 30. c4 Rc5 31. Rc1 h6 32. Bf2 Rc6 33. c5 Bg5 34. Rd1 e4 35. fxe4 fxe4 36.
Re1 e3 37. Bxe3 Qd5+ 38. Qg2 Qxg2+ 39. Kxg2 Bxe3 40. Rxe3 Rxc5 41. Re6 Ra5 42. Re3 Kf7 43. Kf3 Kf6 44. Rb3 Ra4 45. Rb6+ Kg5 46. Rb3 g6 47. Kg3 h5 48. Rc3 h4+ 49. Kh3 Kh5 50. Kg2 g5 51. h3 Rd4 52. Rc8 Rd2+ 53. Kh1 Rd3 54.
Rh8+ Kg6 55. Rg8+ Kf6 56. Rf8+ Ke5 57. Kg2 Rg3+ 58. Kh2 Rxa3 59. Re8+ Kf5 60. Rf8+ Kg6 61. Rb8 Ra2+ 62. Kg1 a5 63. Rb5 a4 64. Ra5 a3 65. Kh1 Kh6 66. Ra6+ Kh5 67. Ra5 Kg6 68. Ra6+ Kf7 69. Ra5 Kf6 70. Ra6+ Kf5 71. Ra5+ Kf4 72. Ra8 Kg3 73. Rc8 Ra1+ 0-1

[Event "*** Titled Tuesday Blitz"]
[Site "Chess.com"]
[Date "2021.03.09"]
[Round "10"]
[White "13MiRacLe"]
[Black "AttackSparrow"]
[Result "0-1"]
[WhiteElo "2669"]
[BlackElo "2548"]
[TimeControl "180+1"]
[EndTime "12:00:23 PST"]
[Termination "AttackSparrow won by resignation"]

1. e4 c5 2. Nf3 e6 3. d4 cxd4 4.
Nxd4 Nc6 5. Nc3 Qc7 6. g3 a6 7. Bg2 Nge7 8. O-O Nxd4 9. Qxd4 Nc6 10. Qd2 Be7 11. b3 d6 12. Bb2 O-O 13. f4 b5 14.
g4 b4 15. Ne2 e5 16. f5 a5 17. g5 Rd8 18. Ng3 Nd4 19. Bxd4 exd4 20. f6 Bf8 21. Qxd4 d5 22. Kh1 Bc5 23. Qb2 Bb7 24. fxg7 dxe4 25.
Nf5 Ra6 26. Qf6 Rxf6 27. gxf6 h5 28. Rad1 Kh7 29. Ng3 Rxd1 30. Rxd1 e3 31. Ne4 e2 32. Re1 Ba6 33. Ng5+ Kg8 34. Bd5 Bb7 35. Bf3 Bxf3+ 36. Nxf3 Qc6 37. Kg2 Qxf6 38. Rxe2 Qxg7+ 39. Kf1 Qa1+ 40. Kg2 Qxa2 41. Ne5 Bd4 42. Nc4 Qa1 43. Re4 Qg1+ 44.
Kf3 Qh1+ 45. Kf4 Qxh2+ 46. Kf5 Qf2+ 47. Rf4 Qxc2+ 48. Kg5 Qg6+ 49. Kh4 Bf6+ 50. Kh3 Qd3+ 51. Kg2 Qc2+ 52. Rf2 Qe4+ 53. Kf1 Bd4 54. Rg2+ Kf8 55.
Nd2 Qd3+ 56. Ke1 Bc3 57. Re2 Bxd2+ 58. Rxd2 Qxb3 59. Ke2 Qc4+ 60. Rd3 Qxd3+ 61. Kxd3 h4 0-1

[Event "*** Titled Tuesday Blitz"]
[Site "Chess.com"]
[Date "2021.03.09"]
[Round "10"]
[White "WilliamSchill"]
[Black "Kale36"]
[Result "0-1"]
[WhiteElo "2056"]
[BlackElo "2310"]
[TimeControl "180+1"]
[EndTime "12:00:23 PST"]
[Termination "Kale36 won on time"]

1. e4 Nc6 2. Nf3 d6 3. d4 g6 4. d5 Ne5 5. Nd4 c5 6. dxc6 Nxc6 7. Nc3 Bg7 8. Be3 Nf6 9. f3 O-O 10. Qd2 Nxd4 11. Bxd4 Be6 12. Be2 a6 13. O-O b5 14.
Rad1 Rc8 15. Nd5 Bxd5 16. exd5 Qc7 17. c3 Nd7 18. Bxg7 Kxg7 19. f4 Qc5+ 20. Kh1 Nf6 21. Bf3 Qc4 22. a3 a5 23. f5 b4 24.
axb4 axb4 25. fxg6 hxg6 26. Rfe1 Rc7 27. Re3 Rh8 28.
Rde1 Qf4 29. h3 bxc3 30. bxc3 Nh5 31. Bxh5 Rxh5 32. Qd3 Re5 33. Rxe5 dxe5 34. d6 exd6 35.
Qxd6 Rxc3 36. Qxe5+ Qxe5 37. Rxe5 Rc2 38. Kh2 f6 39. Re7+ Kh6 40. Kg3 f5 41. Kf3 Kg5 42. Ra7 Rc3+ 43. Kf2 f4 44. Ra5+ Kf6 45. Ra4 g5 46.
Ra5 Kg6 47. Rd5 Kh5 48. Re5 Ra3 49. Rd5 Kh4 50. Rc5 Ra2+ 51. Kf3 Ra1 52. Rc8 Rf1+ 53.
Ke2 Ra1 54. Kf3 Ra3+ 55. Kf2 Kh5 56. Rh8+ Kg6 57. Rg8+ Kf7 58. Rb8 Kf6 59. Rb5 Kg6 60. Kf1 Rc3 61. Kf2 Rc2+ 62. Kf3 Rc3+ 0-1

[Event "*** Titled Tuesday Blitz"]
[Site "Chess.com"]
[Date "2021.03.09"]
[Round "10"]
[White "ChessWarrior7197"]
[Black "VitaliyBernadskiy"]
[Result "0-1"]
[WhiteElo "2922"]
[BlackElo "2796"]
[TimeControl "180+1"]
[EndTime "12:00:25 PST"]
[Termination "VitaliyBernadskiy won by resignation"]

1. e4 a6 2. d4 b5 3. a4 Bb7 4. axb5 axb5 5. Rxa8 Bxa8 6. Bxb5 Bxe4 7. Nf3 Nf6 8. O-O e6 9. Nc3 Bb7 10. Re1 Bb4 11. Bg5 h6 12. Bh4 O-O 13. Bd3 Be7 14.
Nd2 Nc6 15. Nb3 Nb4 16. Bf1 d6 17. Qd2 Nbd5 18. Nxd5 Bxd5 19. c4 Ba8 20. Na5 Ne4 21. Bxe7 Qxe7 22. Qc2 Ng5 23. d5 Qf6 24. h4 Nh7 25. Bd3 g6 26. dxe6 Qxh4 27. exf7+ Kg7 28. Bxg6 Nf6 29. Bf5 Qg5 30. f3 Bxf3 31. Nb3 c5 32.
Rf1 Bg4 33. Nd2 Rxf7 34. Bxg4 Qe3+ 35. Kh1 Nxg4 36. Rxf7+ Kxf7 37. Qf5+ Nf6 38. Nf3 Qc1+ 39. Kh2 Qxb2 40. Qc8 Qb6 41. Kh3 Qa7 42. Kh2 Qe7 43. Qf5 Qe6 44. Qf4 Ke7 45. Nh4 Qg4 46. Nf5+ Ke6 47.
Qxd6+ Kxf5 48. Qxc5+ Kg6 49. Qe3 Qxc4 50. Qe7 Qh4+ 51.
Kg1 Qd4+ 52. Kh2 Ng4+ 53. Kg3 Qe5+ 54. Qxe5 Nxe5 55. Kf4 Kf6 56. Ke3 Kf5 57. g3 Kg4 58. Ke4 Kxg3 0-1

[Event "*** Titled Tuesday Blitz"]
[Site "Chess.com"]
[Date "2021.03.09"]
[Round "10"]
[White "Blazinq"]
[Black "TimofeevAr"]
[Result "1/2-1/2"]
[WhiteElo "2662"]
[BlackElo "2869"]
[TimeControl "180+1"]
[EndTime "12:00:26 PST"]
[Termination "Game drawn by repetition"]

1. e4 d5 2. exd5 Nf6 3. d4 Nxd5 4. Nf3 g6 5. c4 Nf6 6. h3 Bg7 7. Be2 O-O 8. O-O c5 9. d5 b5 10. cxb5 Bb7 11. Nc3 Nxd5 12. Nxd5 Bxd5 13. Qc2 Nd7 14. Rd1 e6 15. Bg5 Qc7 16. a4 c4 17. Rac1 Rfc8 18.
Be3 Qa5 19. Bd2 Qb6 20. Bc3 Bh6 21. Bd2 Bg7 22. Bc3 Bxc3 23. Qxc3 Nc5 24. Qb4 Ne4 25. Rf1 a5 26. Qe7 Rc7 27. Qh4 Rac8 28. Ng5 Nxg5 29. Qxg5 Qd4 30. Rc3 Qc5 31. Rfc1 Qb4 32. Qd2 Qxa4 33. b6 Rc6 34. b7 Rb8 35. Bxc4 Bxc4 36. Qf4 e5 37. Qxe5 Rxb7 38. b3 Qb5 39. Qe8+ Kg7 40.
bxc4 Qc5 41. Qa8 Ra7 42. Qe8 a4 43. Qe3 Qxe3 44. Rxe3 a3 45. Ra1 a2 46. Re2 Rca6 47.
c5 h5 48. c6 h4 49. c7 Rxc7 50. Rexa2 Rxa2 51. Rxa2 Rc1+ 52. Kh2 g5 53. g3 hxg3+ 54. Kxg3 Kg6 55. Ra6+ f6 56. Ra3 Rc5 57. Kg2 Rd5 58.
Rb3 Rc5 59. Ra3 Rd5 60. Rb3 Rc5 61. Ra3 1/2-1/2

[Event "*** Titled Tuesday Blitz"]
[Site "Chess.com"]
[Date "2021.03.09"]
[Round "10"]
[White "Ghost_Pepper"]
[Black "PawnEatingZombie"]
[Result "1-0"]
[WhiteElo "2389"]
[BlackElo "2235"]
[TimeControl "180+1"]
[EndTime "12:00:26 PST"]
[Termination "Ghost_Pepper won on time"]

1. f4 c5 2. Nf3 g6 3. e3 Bg7 4.
Be2 Nc6 5. O-O d6 6. d3 e5 7. Nbd2 Nge7 8. Qe1 exf4 9. exf4 O-O 10. Kh1 Nd5 11.
Ne4 Ndb4 12. Bd1 Re8 13. Qh4 Qxh4 14. Nxh4 Rd8 15. f5 b6 16. f6 Bf8 17. a3 Na6 18. Nc3 d5 19. Bf4 Nd4 20. Nf3 Nxf3 21. Bxf3 Be6 22. Nb5 Rd7 23. Rae1 Rad8 24. h4 h5 25. Re5 Nb8 26. Bxh5 a6 27. Nc3 Nc6 28. Rg5 Nd4 29. Be5 Bh6 30. Rg3 Kf8 31. Bd1 Nf5 32. Rh3 Ne3 33. Rxe3 Bxe3 34. Ne2 d4 35. Ng3 Rd5 36.
Bc7 R8d7 37. Bxb6 Rb7 38. Ba5 Rxb2 39. Ne4 Bf5 40. Bf3 Bxe4 41. Bxe4 Rd7 42. g3 Rxc2 43. Rb1 Kg8 44. Rb8+ Kh7 45. h5 Kh6 46. hxg6 fxg6 47. Rh8+ Kg5 48. Bd8 Rf7 49. Rh4 Rc1+ 50.
Kg2 Rg1+ 51. Kf3 Rf1+ 52. Kg2 Rf2+ 53. Kh3 c4 54. Rg4+ Kh6 55. dxc4 g5 56. Bd5 R7xf6 57. Bxf6 Rxf6 58. Re4 Rf1 59. Kg4 Rf2 60. Re6+ Kg7 61. Be4 1-0

[Event "*** Titled Tuesday Blitz"]
[Site "Chess.com"]
[Date "2021.03.09"]
[Round "10"]
[White "Eliwood44"]
[Black "Legendinunknown"]
[Result "1-0"]
[WhiteElo "2505"]
[BlackElo "2620"]
[TimeControl "180+1"]
[EndTime "12:00:27 PST"]
[Termination "Eliwood44 won by checkmate"]

1. d4 Nf6 2. Nf3 g6 3. Nc3 d6 4.
e4 Bg7 5. Be2 O-O 6. O-O Nc6 7.
h3 e5 8. dxe5 Nxe5 9. Nxe5 dxe5 10. Be3 Be6 11. Bc5 Qxd1 12. Rfxd1 Rfd8 13. Nb5 Ne8 14. Rxd8 Rxd8 15. Nxa7 c6 16. a4 Bf8 17. Bb6 Ra8 18. a5 Be7 19. a6 bxa6 20. Nxc6 Bf6 21.
Rxa6 Rc8 22. Nb4 Nd6 23. f3 Nc4 24. Bxc4 Bxc4 25. Ra7 Be6 26. c3 Bg5 27. Nd5 Kg7 28. Be3 Bxe3+ 29. Nxe3 Rd8 30. Nd5 Bxd5 31. exd5 Rxd5 32.
Rc7 Rd2 33. b4 Rb2 34. Rc5 Kf6 35. b5 Ke6 36. c4 Kd6 37. Rc6+ Kd7 38. Kh2 f5 39.
Kg3 f4+ 40. Kh2 e4 41. fxe4 f3 42. Rf6 Rxg2+ 43. Kh1 Rc2 44. Rxf3 Rxc4 45. Rf7+ Kd6 46. Rxh7 Rxe4 47. b6 Rb4 48. b7 Ke6 49. Kg2 Kf5 50. Kf3 g5 51. Ke3 Kg6 52. Rc7 Kf6 53. Kd3 Ke6 54. Kc3 Rb1 55. Kd4 Rd1+ 56. Kc5 Rb1 57. Kc6 Kf5 58. Rf7+ Kg6 59. Rf8 Rc1+ 60. Kd5 Rd1+ 61.
Ke4 Re1+ 62. Kd3 Rh1 63. b8=Q Rxh3+ 64. Ke4 Rh4+ 65. Ke5 Kh5 66. Qe8+ Kg4 67. Qd7+ Kg3 68. Qd3+ Kh2 69. Qe2+ Kh3 70. Rf3+ Kg4 71. Re3# 1-0